 Dungeon Crawl Stone Soup version 0.26-a0-672-g1df16c3386 (webtiles) character file.

Game seed: 7572714160380096909

460 robertstho the Chiller (level 6, 0/49 HPs)
             Began as a Deep Elf Ice Elementalist on Oct 19, 2020.
             Succumbed to an orc's poison
             ... on level 4 of the Dungeon.
             The game lasted 00:08:12 (3823 turns).

robertstho the Chiller (Deep Elf Ice Elementalist)  Turns: 3823, Time: 00:08:13

Health: 0/49       AC:  2    Str:  5    XL:     6   Next: 78%
Magic:  11/16      EV: 13    Int: 22    God:
Gold:   257        SH:  0    Dex: 15    Spells: 9/16 levels left

rFire    . . .     SeeInvis +   A - +0 spear (venom)
rCold    + . .     Faith    .   (no shield)
rNeg     . . .     Spirit   .   a - +0 robe
rPois    .         Reflect  .   (no helmet)
rElec    .         Harm     .   (no cloak)
rCorr    .         Rampage  .   (no gloves)
MR       .....                  (no boots)
Stlth    ..........             (no amulet)
HPRegen  0.16/turn              i - ring of see invisible
MPRegen  0.15/turn              r - ring of protection from cold (curse)

@: berserking, lethally poisoned (0 -> -8), frozen ramparts, very quick
A: no striking features
a: no special abilities


You were on level 4 of the Dungeon.
You visited 1 branch of the dungeon, and saw 4 of its levels.

You collected 257 gold pieces.

Inventory:

Hand Weapons
 c - a +0 short sword
 A - a +0 spear of venom (weapon)
Missiles
 w - 8 silver javelins (quivered)
 B - a poisoned dart
Armour
 a - a +0 robe (worn)
Jewellery
 i - a ring of see invisible (left hand)
 k - an uncursed ring of stealth
 m - an uncursed ring of stealth
 r - a cursed ring of protection from cold (right hand)
 y - an uncursed amulet of guardian spirit
Scrolls
 b - 2 scrolls of teleportation {unknown}
 g - a scroll of blinking {unknown}
 n - 2 scrolls of enchant weapon {unknown}
 o - 2 scrolls of random uselessness {unknown}
 p - 4 scrolls of amnesia {unknown}
 q - a scroll of enchant armour {unknown}
 u - a scroll of magic mapping {unknown}
 v - a scroll of immolation {unknown}
 x - a scroll of noise {unknown}
 z - a scroll of identify {unknown}
Potions
 d - 2 potions of ambrosia {unknown}
 e - 2 potions of berserk rage
 f - 3 potions of resistance {unknown}
 h - 3 potions of lignification {unknown}
 j - a potion of stabbing {unknown}
 l - 2 potions of degeneration {unknown}
 s - a potion of heal wounds {unknown}
 t - a potion of mutation {unknown}


   Skills:
 + Level 0.5 Fighting
 + Level 0.9 Short Blades
 + Level 3.2 Dodging
 + Level 3.1 Stealth
 * Level 5.7 Spellcasting
 * Level 7.3 Ice Magic


You had 9 spell levels left.
You knew the following spells:

 Your Spells              Type           Power        Failure   Level
a - Freeze                Ice            ####         1%          1
b - Frozen Ramparts       Ice            #####.       1%          3
c - Ozocubu's Armour      Ice            #####...     1%          3

Your spell library contained the following spells:

 Spells                   Type           Power        Failure   Level
 Hailstorm                Conj/Ice       ###.....     21%         4
 Summon Ice Beast         Ice/Summ       ###.....     21%         4


Dungeon Overview and Level Annotations

Branches:
Dungeon (4/15)
 Temple: D:4-7

Altars:


Message History

You feel yourself moving faster!
You feel mighty!
You feel sick.
The bullfrog skeleton resists.
The wall freezes the bullfrog skeleton.
The bullfrog skeleton completely resists.
The wall freezes the bullfrog skeleton but do no damage.
You barely miss the bullfrog skeleton.
The bullfrog skeleton is lightly damaged.
The bullfrog skeleton completely resists.
The wall freezes the bullfrog skeleton but do no damage.
The bullfrog skeleton hits you.
* * * LOW HITPOINT WARNING * * *
You barely miss the bullfrog skeleton.
The bullfrog skeleton is lightly damaged.
* * * LOW HITPOINT WARNING * * *
You feel sick.
The bullfrog skeleton resists.
The wall freezes the bullfrog skeleton.
The bullfrog skeleton hits you.
* * * LOW HITPOINT WARNING * * *
Your magical contamination has completely faded away.
You hit the bullfrog skeleton.
The bullfrog skeleton is moderately damaged.
You die...

♣..................
.
♣♣.....#.....#####
. ♣♣###.#.#####
#.#.# #.### # #.#
...#### #.#
......(###.#
......))Z@(#
......W#####
#...o.. #......
##W.... ..o..:.
....... .......


You could see a phantom, an orc and a bullfrog skeleton.

Vanquished Creatures
  An ogre (D:4)
  2 hounds (D:4)
  An orc priest (D:3)
  An orc wizard (D:4)
  An iguana (D:2)
  Terence (D:2)
  A worker ant (D:3)
  4 gnolls (D:2)
  2 adders (D:2)
  2 oozes
  3 worms (D:2)
  A dart slug (D:1)
  2 leopard geckos (D:2)
  5 orcs
  2 giant cockroaches
  7 hobgoblins
  15 jackals
  9 kobolds
  2 quokkas
  14 bats
  5 frilled lizards
  13 goblins
  5 rats
99 creatures vanquished.

Notes
Turn   | Place    | Note
-------+----------+-------------------------------------------
     0 | D:1      | robertstho the Deep Elf Ice Elementalist began the quest
                  | for the Orb.
     0 | D:1      | Reached XP level 1. HP: 10/10 MP: 6/6
   221 | D:1      | Reached XP level 2. HP: 11/15 MP: 5/8
   230 | D:1      | Reached skill level 5 in Ice Magic
   917 | D:2      | Found a faded altar of an unknown god.
   921 | D:2      | Reached XP level 3. HP: 19/19 MP: 7/9
  1066 | D:1      | Learned a level 3 spell: Frozen Ramparts
  1070 | D:1      | Learned a level 3 spell: Ozocubu's Armour
  1095 | D:2      | Reached XP level 4. HP: 24/24 MP: 2/12
  1271 | D:2      | Reached skill level 6 in Ice Magic
  1490 | D:2      | Noticed Terence
  1500 | D:2      | Reached XP level 5. HP: 19/28 MP: 9/13
  1508 | D:2      | Killed Terence
  2363 | D:3      | HP: 1/28 [orc priest/nerve-wracking pain (14)]
  3033 | D:3      | Reached skill level 5 in Spellcasting
  3037 | D:3      | Reached XP level 6. HP: 31/33 MP: 11/15
  3721 | D:4      | Reached skill level 7 in Ice Magic
  3822 | D:4      | HP: 1/49 [bullfrog skeleton (5)]
  3823 | D:4      | Succumbed to an orc's poison

Illustrated notes

Levels and vault maps discovered:
D:1:      dpeg_arrival_tiny_g, layout_basic
D:2:      layout_basic, chequers_ecumenical_altar_simple_redux, minmay_vboxes,
          uniq_terence
D:3:      layout_basic, kennysheep_generic_room_6
D:4:      layout_basic, elyvilon_altar_3, yredelemnul_forgotten_temple_becter,
          lemuel_blue_sif_altar

Skill      XL: |  1  2  3  4  5  6 |
---------------+-------------------+-----
Ice Magic      | 5 6 7 |  7.3
Spellcasting   | 4 5 |  5.7
Dodging        | 3 |  3.2
Stealth        | 3 |  3.1
Fighting       | |  0.5
Short Blades   | |  0.9

Action                   |  1- 3 |  4- 6 || total
-------------------------+-------+-------++-------
Melee: Unarmed           |     3 |       ||     3
       Short sword       |     9 |    35 ||    44
       Spear             |       |    11 ||    11
 Cast: Freeze            |    35 |    11 ||    46
       Frozen Ramparts   |     2 |    35 ||    37
  Use: Potion            |       |     1 ||     1
 Stab: Sleeping          |     3 |     2 ||     5
Armor: Robe              |     3 |    24 ||    27
Dodge: Dodged            |    31 |    93 ||   124

Table legend: (Time is in decaauts)
 A = Elapsed time spent in this place.
 B = Non-inter-level travel time spent in this place.
 C = Inter-level travel time spent in this place.
 D = Time resting spent in this place.
 E = Time spent auto-exploring this place.
 F = Levels seen in this place.
 G = Mean time per level.
                   A        B        C        D        E       F      G
               +--------+--------+--------+--------+--------+-----+--------+
         Total |   3825 |   3742 |     83 |    433 |   2560 |   4 |  956.2 |
       Dungeon |   3825 |   3742 |     83 |    433 |   2560 |   4 |  956.2 |
               +--------+--------+--------+--------+--------+-----+--------+

Top non-repeatable levels by time:
     D:3: 1274 daAuts
     D:2: 1254 daAuts
     D:1: 1055 daAuts
     D:4: 240 daAuts
